 Dungeon Crawl Stone Soup version 0.29.0-4-gdea44cf6ec (webtiles) character file.

Game seed: 9375662412829786766

78 qw the Chopper (level 4, -2/26 HPs)
             Began as a Tengu Warper on Aug 28, 2022.
             Slain by an orc wizard
             ... wielding a +2 dagger of protection
              (3 damage)
             ... on level 2 of the Dungeon.
             The game lasted 00:00:15 (2345 turns).

qw the Chopper (Tengu Warper)                       Turns: 2345, Time: 00:00:15

Health: -2/26      AC:  3    Str: 10 (13) XL:     4   Next: 36%
Magic:  8/8        EV: 12    Int: 12 (13) God:
Gold:   79         SH:  0    Dex: 14      Spells: 7/7 levels left

rFire   . . .      SeeInvis .   Y - +0 hand axe
rCold   . . .      Faith    .   (no shield)
rNeg    . . .      Spirit   .   b - +0 leather armour
rPois   .          Reflect  .   (helmet restricted)
rElec   .          Harm     .   (no cloak)
rCorr   .          Rampage  .   (no gloves)
Will    .....                   (boots unavailable)
Stlth   +.........              (no amulet)
HPRegen 0.08/turn               (no ring)
MPRegen 0.11/turn               (no ring)

@: confused
A: beak, talons 3
a: no special abilities


You were on level 2 of the Dungeon.
You visited 1 branch of the dungeon, and saw 2 of its levels.

You collected 174 gold pieces.
You spent 95 gold pieces at shops.


Innate Abilities, Weirdness & Mutations

You have a beak for a mouth.
You have claws for feet.


   Skills:
 - Level 2.0 Fighting
 + Level 4.9 Axes
 - Level 1.0 Throwing
 - Level 1.1 Armour
 - Level 2.1 Dodging
 - Level 2.0 Spellcasting
 - Level 2.4 Translocations


You had 7 spell levels left.
You didn't know any spells.
Your spell library contained the following spells:

 Spells                   Type           Power      Damage    Failure   Level
 Blink                    Tloc           12%        N/A       22%         2
 Gell's Gravitas          Tloc           6%         N/A       38%         3
 Lesser Beckoning         Tloc           6%         N/A       38%         3
 Teleport Other           Tloc           6%         N/A       38%         3
 Manifold Assault         Tloc           6%         N/A       98%         5

Inventory:

Hand Weapons
 d - a +0 mace
 Y - a +0 hand axe (weapon)
Armour
 b - a +0 leather armour (worn)
 g - a +0 cloak
 h - the +5 ring mail of Incorporation {Int+3 Slay+3 Stlth+}
   (You found it on level 2 of the Dungeon)

   Int:       It affects your intelligence (+3).
   Slay:      It affects your accuracy & damage with ranged weapons and melee
   (+3).
   Stlth:     It makes you more stealthy.
Scrolls
 a - a scroll of teleportation
 c - a scroll of vulnerability {unknown}
 e - a scroll of immolation {unknown}
 f - 2 scrolls of enchant armour
 i - 2 scrolls of fear {unknown}
 j - 4 scrolls of identify
 k - a scroll of enchant weapon {unknown}
Potions
 l - a potion of ambrosia {unknown}

Dungeon Overview and Level Annotations

Branches:
Dungeon (2/15)

Altars:

Shops:
D:2 ?

Annotations:
D:2 Jessica


Message History

You hit the orc but do no damage. The orc hits you with a +0 hand axe.
You hit the orc. You claw the orc, but do no damage. You peck the orc.
You kill the orc!
You start resting.
An orc wizard comes into view.
It is wielding a +2 dagger of protection.
The orc wizard shouts!
You hit the orc wizard.
The orc wizard is lightly wounded.
You hear a shout!
The orc wizard points at you and mumbles some strange words.
The puff of flame hits you!
You closely miss the orc wizard. Your peck misses the orc wizard.
The orc wizard is lightly wounded.
You hit the orc. The orc hits you with a +0 hand axe.
The orc wizard hits you but does no damage.
You closely miss the orc. You claw the orc.
The orc is severely wounded.
You miss the orc wizard. The orc hits you with a +0 hand axe.
The orc wizard points at you and mumbles some strange words.
You are confused.
You miss the orc. Your kick misses the orc.
The orc is severely wounded.
You barely miss the orc wizard. The orc completely misses you.
The orc wizard casts a spell at you. The magic dart hits you.
You're too confused to move!
The orc hits you with a +0 hand axe.
The orc wizard casts a spell.
The orc wizard flickers and vanishes!
Deactivating autopickup; reactivate with Ctrl-A.
You bump into the rock wall.
Jessica the Apprentice Sorceress comes into view.
She is wielding a +0 dagger.
The orc barely misses you. Something hits you.
The orc attacks as you move away! The orc hits you with a +0 hand axe.
Something hits you.
You die...

#######.##.####...
..............'...
#######....####... #.##.#
#... #.########
#.##.####### .o....o..#
#.##........ #.######)##
#.#......... #.o{.#
#.#....##### ###.@..#
#.#....# #......# #.######
##.....###.##########
#.....%.............
#######.....)##...........
........####.##########.##
.######## #.# #.# #.# #.#
#.# #.#


You could see an orc.

Vanquished Creatures
  Robin (D:1)
  An adder (D:2)
  2 dart slugs
  2 orcs (D:2)
  5 endoplasms
  2 giant cockroaches (D:1)
  8 goblins
  7 hobgoblins
  2 jackals (D:1)
  2 ball pythons
  6 bats
  A frilled lizard (D:1)
  5 kobolds
  3 rats
47 creatures vanquished.

Notes
Turn   | Place    | Note
-------+----------+-------------------------------------------
     0 | D:1      | qw the Tengu Warper began the quest for the Orb.
     0 | D:1      | Reached XP level 1. HP: 12/12 MP: 4/4
     0 | D:1      | 0 ||| qw: Version: 0.1-a-89-g26bdef1
     0 | D:1      | 0 ||| qw: Game counter: 3332
     0 | D:1      | 0 ||| qw: Always use a shield: true
     0 | D:1      | 0 ||| qw: God list: Okawaru
     0 | D:1      | 0 ||| qw: Allow faded altars: false
     0 | D:1      | 0 ||| qw: Do Orc after D:15 true
     0 | D:1      | 0 ||| qw: Do second Lair branch before Depths: true
     0 | D:1      | 0 ||| qw: Lair rune preference: random
     0 | D:1      | 0 ||| qw: Plans: Normal
     0 | D:1      | 0 ||| PLANNING D:1-11
    43 | D:1      | 43 ||| Stepping ~*~*~tactically~*~*~ (stealth).
    48 | D:1      | 48 ||| Stepping ~*~*~tactically~*~*~ (stealth).
   177 | D:1      | Reached skill level 3 in Axes
   177 | D:1      | Reached XP level 2. HP: 17/17 MP: 6/6
   221 | D:1      | 221 ||| DROPPING +0 club.
   223 | D:1      | 223 ||| Stepping ~*~*~tactically~*~*~ (stealth).
   240 | D:1      | 240 ||| Stepping ~*~*~tactically~*~*~ (stealth).
   667 | D:1      | Reached XP level 3. HP: 21/21 MP: 7/7
   728 | D:1      | 728 ||| READING scroll labelled ALUELI NIMNI.
   729 | D:1      | 729 ||| READING scroll labelled VOMIST PURCHYD.
   730 | D:1      | 730 ||| READING 2 scrolls labelled OXULOO RUIDD.
   731 | D:1      | 731 ||| READING scroll labelled ANNI HULEUM.
   735 | D:1      | 735 ||| READING 2 scrolls labelled QAYSHR WUREI.
   736 | D:1      | 736 ||| DRINKING 4 blue potions.
   737 | D:1      | 737 ||| DROPPING scroll of blinking.
   738 | D:1      | 738 ||| DROPPING 3 potions of degeneration.
   739 | D:1      | 739 ||| DROPPING scroll of noise.
   765 | D:2      | Noticed Robin
   766 | D:2      | 766 ||| Stepping ~*~*~tactically~*~*~ (hiding).
   779 | D:2      | 779 ||| FLEEEEING.
   780 | D:2      | 780 ||| FLEEEEING.
   781 | D:2      | 781 ||| FLEEEEING.
   782 | D:2      | 782 ||| FLEEEEING.
   783 | D:2      | 783 ||| FLEEEEING.
   784 | D:2      | 784 ||| STAIRDANCE
   866 | D:2      | 866 ||| STAIRDANCE
   936 | D:2      | 936 ||| STAIRDANCE
   941 | D:2      | 941 ||| STAIRDANCE
  1049 | D:2      | 1049 ||| STAIRDANCE
  1060 | D:1      | Killed Robin
  1061 | D:1      | Reached skill level 4 in Axes
  1247 | D:2      | 1247 ||| STAIRDANCE
  1368 | D:2      | 1368 ||| Stepping ~*~*~tactically~*~*~ (stealth).
  1373 | D:2      | 1373 ||| FLEEEEING.
  1374 | D:2      | 1374 ||| FLEEEEING.
  1696 | D:2      | 1696 ||| Stepping ~*~*~tactically~*~*~ (stealth).
  1699 | D:2      | 1699 ||| Stepping ~*~*~tactically~*~*~ (stealth).
  1706 | D:2      | Reached XP level 4. HP: 24/26 MP: 8/8
  1731 | D:2      | Identified the +5 ring mail of Incorporation {Int+3 Slay+3
                  | Stlth+}
  1732 | D:2      | 1732 ||| Stepping ~*~*~tactically~*~*~ (stealth).
  1734 | D:2      | 1734 ||| Stepping ~*~*~tactically~*~*~ (stealth).
  1746 | D:2      | 1746 ||| Stepping ~*~*~tactically~*~*~ (hiding).
  1748 | D:2      | 1748 ||| Stepping ~*~*~tactically~*~*~ (hiding).
  1876 | D:2      | Found Nesop's Magic Scroll Emporium.
  1899 | D:2      | 1899 ||| BUYING scroll of enchant armour (75 gold).
  1899 | D:2      | Bought a scroll of enchant armour for 75 gold pieces
  1899 | D:2      | 1899 ||| SHOPLISTING scroll of enchant weapon (75 gold,
                  | have 24).
  1899 | D:2      | 1899 ||| BUYING scroll of identify (20 gold).
  1899 | D:2      | Bought a scroll of identify for 20 gold pieces
  1899 | D:2      | 1899 ||| SHOPLISTING scroll of identify (20 gold, have 4).
  1899 | D:2      | 1899 ||| SHOPLISTING scroll of teleportation (30 gold, have
                  | 4).
  2153 | D:2      | 2153 ||| Stepping ~*~*~tactically~*~*~ (hiding).
  2255 | D:2      | 2255 ||| FLEEEEING.
  2256 | D:2      | 2256 ||| Stepping ~*~*~tactically~*~*~ (hiding).
  2319 | D:2      | 2319 ||| Stepping ~*~*~tactically~*~*~ (stealth).
  2325 | D:2      | 2325 ||| Stepping ~*~*~tactically~*~*~ (stealth).
  2342 | D:2      | HP: 6/26 [orc wizard/magic dart (5)]
  2344 | D:2      | Noticed Jessica
  2344 | D:2      | HP: 2/26 [something (1)]
  2345 | D:2      | Slain by an orc wizard

Levels and vault maps discovered:
D:1:      amcnicky_arrival_single_pillar, layout_rooms
D:2:      layout_basic, serial_shops, shop_coins, glass_columns_b, st_stairs_2,
          uniq_robin, uniq_jessica

Skill      XL: |  1  2  3 |
---------------+----------+-----
Axes           | 3 4 |  4.9
Fighting       | |  2.0
Throwing       | |  1.0
Armour         | |  1.1
Dodging        | |  2.1
Spellcasting   | |  2.0
Translocations | |  2.4

Action                   |  1- 3 |  4- 6 || total
-------------------------+-------+-------++-------
Melee: Hand axe          |    80 |    30 ||   110
       Kick              |    21 |     9 ||    30
       Peck              |    13 |     4 ||    17
       Punch             |       |     1 ||     1
Throw: Boomerang         |     7 |       ||     7
  Use: Scroll            |     5 |       ||     5
       Potion            |     1 |       ||     1
Armor: Leather armour    |    22 |    10 ||    32
Dodge: Dodged            |    36 |    12 ||    48

Table legend:
 A = Non-vault XP
 B = Vault XP
 C = Vault XP percentage of total XP
 D = Non-vault monster count
 E = Vault monster count
 F = Vault count percentage of total count
                 A         B        C        D         E       F
            +---------+---------+-------+---------+---------+-------
      Total |      67 |      45 |  40.2 |      37 |      10 |  21.3
            +---------+---------+-------+---------+---------+-------
        D:1 |      34 |      22 |  39.3 |      20 |       4 |  16.7
        D:2 |      33 |      23 |  41.1 |      17 |       6 |  26.1
            +---------+---------+-------+---------+---------+-------
